Map: Efeméride LE

Players

LowLinK - Winner!

  • Race: Protoss Protoss
  • League: Diamond
  • Spawn Location: 11:00

DemoBR

  • Race: Protoss Protoss
  • League: Platinum
  • Spawn Location: 5:00

VOD

Have the link to the VOD?

Description

Time

  • Played on: Feb. 20, 2020, 12:25 p.m.
  • Length: 4:10
Show
View Real Time Build Order
Export as new Build Order

LowLinK Protoss - Winner!

Build Orders:  

Get SALT Encoding   

  12  0:01  Probe  
  13  0:13  Probe  
  14  0:17  Pylon  
  14  0:25  Probe  
  15  0:37  Gateway  
  15  0:39  Probe (Chrono Boost)  
  16  0:47  Assimilator  
  16  0:48  Probe (Chrono Boost)  
  17  0:53  Probe (Chrono Boost)  
  18  0:57  Assimilator  
  18  1:05  Probe  
  19  1:17  Probe  
  20  1:20  Pylon  
  20  1:26  Cybernetics Core  
  20  1:29  Probe  
  23  1:41  Probe  
  22  1:53  Probe, Pylon  
  23  1:56  Warp Gate (Chrono Boost)  
  23  2:26  Gateway  
  23  2:27  Gateway  
  23  2:30  Gateway  
  23  2:33  Pylon  
  23  2:36  Gateway  
  23  2:50  Probe  
  24  3:00  Stalker (Chrono Boost)  
  26  3:23  Pylon  
  26  3:34  Sentry, Stalker x2  
  28  3:35  Stalker x2  
  36  3:57  Stalker x3  
  36  3:58  Stalker  
Show
View Real Time Build Order
Export as new Build Order

DemoBR Protoss 

Build Orders:  

Get SALT Encoding   

  12  0:02  Probe  
  13  0:14  Probe  
  13  0:18  Pylon  
  14  0:26  Probe  
  15  0:38  Probe  
  15  0:42  Gateway  
  16  0:50  Probe  
  16  0:51  Assimilator  
  17  1:02  Probe  
  18  1:09  Pylon  
  18  1:15  Probe  
  19  1:27  Probe  
  19  1:30  Cybernetics Core  
  20  1:36  Gateway  
  20  1:39  Probe  
  21  1:51  Probe  
  21  1:53  Assimilator  
  22  2:02  Warp Gate (Chrono Boost)  
  22  2:03  Probe  
  23  2:23  Adept  
  23  2:28  Adept  
  27  2:30  Nexus  
  27  2:43  Probe  
  28  2:52  Pylon  
  28  2:56  Stalker  
  30  3:04  Probe  
  31  3:10  Stalker  
  33  3:17  Gateway  
  33  3:18  Robotics Facility  
  32  3:24  Probe  
  33  3:36  Probe (Chrono Boost)  
  33  3:41  Gateway  
  34  3:48  Probe (Chrono Boost)  
  35  3:51  Twilight Council  
  35  3:53  Probe (Chrono Boost)  
  35  3:54  Probe (Chrono Boost)  
Tags
 
Add a new tag
Caveats
  • Supply blocks, unpowered buildings, or Contaminate may cause inaccurate times.
  • Supply counts are checked every 10 seconds.